 Dungeon Crawl Stone Soup version 0.28-a0-861-ge64d6db94f (webtiles) character file.

Game seed: 12245053046265395769

18 Sweeb the Ducker (level 2, -5/17 HPs)
             Began as a Tengu Gladiator on Nov 16, 2021.
             Slain by a goblin (19 damage)
             ... on level 1 of the Dungeon.
             The game lasted 00:00:52 (483 turns).

Sweeb the Ducker (Tengu Gladiator)                   Turns: 483, Time: 00:00:59

Health: -5/17      AC:  3    Str: 14    XL:     2   Next: 66%
Magic:  3/3        EV: 13    Int:  8    God:
Gold:   38         SH:  0    Dex: 15    Spells: 1/1 levels left

rFire   . . .      SeeInvis .   a - +0 long sword
rCold   . . .      Faith    .   (no shield)
rNeg    . . .      Spirit   .   b - +0 leather armour
rPois   .          Reflect  .   c - +0 hat
rElec   .          Harm     .   (no cloak)
rCorr   .          Rampage  .   (no gloves)
Will    .....                   (boots unavailable)
Stlth   +.........              (no amulet)
HPRegen 0.05/turn               (no ring)
MPRegen 0.08/turn               (no ring)

@: no status effects
A: beak, talons 3
a: no special abilities


You were on level 1 of the Dungeon.
You visited 1 branch of the dungeon, and saw 1 of its levels.

You collected 38 gold pieces.

Inventory:

Hand Weapons
 a - a +0 long sword (weapon)
Missiles
 d - 3 throwing nets (quivered)
Armour
 b - a +0 leather armour (worn)
 c - a +0 hat (worn)
Scrolls
 e - a scroll of immolation {unknown}
 g - a scroll of identify {unknown}
Potions
 f - a potion of magic {unknown}
 h - a potion of berserk rage {unknown}


   Skills:
 + Level 2.1 Fighting
 * Level 3.6 Long Blades
 - Level 2.0 Throwing
 * Level 3.6 Dodging
 + Level 0.8 Stealth


You had one spell level left.
You didn't know any spells.
Your spell library was empty.

Dungeon Overview and Level Annotations

Branches:
Dungeon (1/15)

Altars:


Innate Abilities, Weirdness & Mutations

You have a beak for a mouth.
You have claws for feet.


Message History

A frilled lizard is nearby!
A frilled lizard is nearby!
A frilled lizard is nearby!
Found a mace.
You completely miss the frilled lizard.
The frilled lizard hisses angrily.
You claw the frilled lizard. Your peck misses the frilled lizard.
The frilled lizard is moderately wounded.
The frilled lizard completely misses you.
You hit the frilled lizard.
You kill the frilled lizard!
No target in view!
No target in view!
A giant cockroach comes into view.
The giant cockroach moves out of view.
A ball python comes into view.
There are monsters nearby!
The ball python hisses angrily.
A goblin comes into view.
It is wielding a +0 dagger of electrocution.
The goblin shouts!
The ball python closely misses you. The ball python grabs you.
The ball python constricts you. The giant cockroach barely misses you.
You closely miss the ball python. Your peck misses the ball python.
The ball python barely misses you. The ball python constricts you.
The giant cockroach closely misses you.
The ball python bites you but does no damage.
The ball python constricts you. The giant cockroach closely misses you.
You barely miss the ball python. The ball python barely misses you.
The ball python constricts you.
The giant cockroach bites you but does no damage.
The ball python bites you but does no damage.
The ball python constricts you.
You slash the ball python!
You kill the ball python!
The giant cockroach bites you but does no damage.
The giant cockroach barely misses you.
The goblin hits you with a +0 dagger of electrocution.
You are electrocuted!!
Ouch! That really hurt!
You die...

......................
.....................
#
................####..
#...........#.........
#......######.........
#...... ###......?..
#...... #...........
...... #......#....
... #@..........
......Bg..##......
...........#......
...........#......
...........#....#.
...........# ...
...........#
.........###


You could see a giant cockroach and a goblin.

Vanquished Creatures
  A gnoll (D:1)
  A ball python (D:1)
  An endoplasm (D:1)
  A giant cockroach (D:1)
  A goblin (D:1)
  2 hobgoblins (D:1)
  2 frilled lizards (D:1)
  A kobold (D:1)
10 creatures vanquished.

Notes
Turn   | Place    | Note
-------+----------+-------------------------------------------
     0 | D:1      | Sweeb the Tengu Gladiator began the quest for the Orb.
     0 | D:1      | Reached XP level 1. HP: 12/12 MP: 2/2
   422 | D:1      | Reached XP level 2. HP: 17/17 MP: 3/3
   483 | D:1      | Slain by a goblin

Illustrated notes

Levels and vault maps discovered:
D:1:      scummos_arrival_checkerplants, layout_basic, minmay_worlds_worst_comb

Action                   || total
-------------------------++-------
Melee: Long sword        ||    23
       Kick              ||     5
       Peck              ||     2
Throw: Throwing net      ||     1
Armor: Leather armour    ||     5
Dodge: Dodged            ||    17

Table legend: (Time is in decaauts)
 A = Elapsed time spent in this place.
 B = Non-inter-level travel time spent in this place.
 C = Inter-level travel time spent in this place.
 D = Time resting spent in this place.
 E = Time spent auto-exploring this place.
 F = Levels seen in this place.
 G = Mean time per level.
                   A        B        C        D        E       F      G
               +--------+--------+--------+--------+--------+-----+--------+
         Total |    487 |    487 |      0 |    270 |    141 |   1 |  487.0 |
       Dungeon |    487 |    487 |      0 |    270 |    141 |   1 |  487.0 |
               +--------+--------+--------+--------+--------+-----+--------+

Top non-repeatable levels by time:
     D:1: 487 daAuts
